 Dungeon Crawl Stone Soup version 0.27.1-34-g3ba077fa99 (webtiles) character file.

Game seed: 3487621148778596509

3503 Boytjie the Cleaver (level 9, -1/78 HPs)
             Began as a Minotaur Fighter on Jan 10, 2022.
             Was a Follower of the Shining One.
             Slain by an orc warrior (3 damage)
             ... on level 7 of the Dungeon.
             The game lasted 00:30:27 (8573 turns).

Boytjie the Cleaver (Minotaur Fighter)              Turns: 8573, Time: 00:30:27

Health: -1/78      AC: 12    Str: 30    XL:     9   Next: 80%
Magic:  8/8        EV:  8    Int:  5    God:    the Shining One [*.....]
Gold:   1182       SH: 12    Dex: 16    Spells: 8/8 levels left

rFire    . . .     SeeInvis .   a - +2 war axe
rCold    . . .     Faith    .   c - +0 kite shield
rNeg     . . .     Spirit   .   l - +0 chain mail {ELBERETH}
rPois    .         Reflect  .   (helmet restricted)
rElec    .         Harm     .   (no cloak)
rCorr    .         Rampage  .   q - +0 pair of gloves
Will     .....                  (no boots)
Stlth    ..........             (no amulet)
HPRegen  0.23/turn              n - +6 ring of strength
MPRegen  0.11/turn              k - +6 ring of dexterity

@: glowing
A: horns 2, retaliatory headbutt
a: Renounce Religion


You were on level 7 of the Dungeon.
You worshipped the Shining One.
The Shining One was aware of your devotion.
You visited 2 branches of the dungeon, and saw 8 of its levels.

You collected 1182 gold pieces.

Inventory:

Hand Weapons
 a - a +2 war axe (weapon)
Armour
 c - a +0 kite shield (worn)
 l - a +0 chain mail (worn) {ELBERETH}
 q - a +0 pair of gloves (worn)
 v - a +0 chain mail
Jewellery
 k - a +6 ring of dexterity (right hand)
 n - a +6 ring of strength (left hand)
Wands
 i - a wand of flame (27) (quivered)
 o - a wand of iceblast (8)
 s - a wand of polymorph (5)
Scrolls
 b - a scroll of amnesia
 f - a scroll of identify
 h - 2 scrolls of fear
 j - a scroll of teleportation
 t - a scroll of fog
Potions
 d - 2 potions of might
 g - 7 potions of curing
 p - 2 potions of heal wounds


   Skills:
 + Level 6.8 Fighting
 + Level 11.3 Axes
 + Level 9.0 Armour
 + Level 2.2 Dodging
 + Level 1.2 Stealth
 + Level 7.4 Shields


You had 8 spell levels left.
You didn't know any spells.
Your spell library contained the following spells:

 Spells                   Type           Power      Damage    Failure   Level
 Pain                     Necr           0%         1d4       99%         1
 Corpse Rot               Necr/Air       N/A        N/A       100%        2
 Passwall                 Tmut/Erth      0%         N/A       100%        2
 Sublimation of Blood     Necr           0%         N/A       100%        2
 Swiftness                Air            0%         N/A       100%        3
 Vampiric Draining        Necr           0%         2d6       100%        3
 Animate Dead             Necr           0%         N/A       100%        4
 Dispel Undead            Necr           0%         3d6       100%        4
 Agony                    Necr           0%         N/A       100%        5
 Excruciating Wounds      Necr           0%         N/A       100%        5
 Death Channel            Necr           0%         N/A       100%        6
 Invisibility             Hex            0%         N/A       100%        6


Dungeon Overview and Level Annotations

Branches:
Dungeon (7/15)             Temple (1/1) D:5

Altars:
Dithmenos
Gozag
Kikubaaqudgha
Qazlal
Trog
Uskayaw
Vehumet
Yredelemnul
Zin
The Shining One

Annotations:
D:7 1 transporter


Innate Abilities, Weirdness & Mutations

You have a pair of horns on your head.
You reflexively headbutt those who attack you in melee.


Message History

You hit Sapher's ghost but do no damage.
You hit the kobold brigand but do no damage.
The kobold brigand hits you with a +0 short sword.
The kobold brigand hits you with a +0 short sword!
* * * LOW HITPOINT WARNING * * *
You block Sapher's ghost's attack.
You slash Sapher's ghost!
Sapher's ghost is moderately damaged.
You slash the kobold brigand!
You kill the kobold brigand!
Sapher's ghost whispers, "Meet the emptiness of death!"
You block Sapher's ghost's attack.
The orc warrior hits you with a +1 vorpal rapier!
* * * LOW HITPOINT WARNING * * *
x2
Aiming: Throw Flame
Press: ? - help, Q - select action, (/) - cycle Shift-Dir - straight line, f - orc warrior
Aim: an orc warrior, wielding a +1 vorpal rapier and wearing a +2 plate armour (haloed, 79% to hit)
The puff of flame misses the orc warrior.
Sapher's ghost casts a spell at you.
The blast of sand hits you but does no damage.
The orc warrior hits you but does no damage.
You slash Sapher's ghost!
Sapher's ghost is severely damaged.
You hit the orc warrior but do no damage.
You block Sapher's ghost's attack.
The orc warrior hits you with a +1 vorpal rapier.
* * * LOW HITPOINT WARNING * * *
x2 You slice Sapher's ghost!!
You destroy Sapher's ghost!
The Shining One accepts your kill.
You and your allies can now gain power from killing the unholy and evil.
You hit the orc warrior but do no damage.
You block the orc warrior's attack.
Your Armour skill increases to level 9!
You block the orc warrior's attack.
You see here a moth of wrath corpse.
You slash the orc warrior!
The orc warrior is moderately wounded.
The orc warrior hits you with a +1 vorpal rapier.
You die...

#########
#........ ##.##
###...###
###...©...###
##...#####...##
#..###)©)###..#
##.#####@o..##.##
#..#..##.....#..#
#.##.##≈#....##.#
#.#...#.......#.#
#.#....._.###.#.#
#.#..##$?.§#..#.#
#
#.##.#≈#..##.##.#
###
#..#####....##..#
..
##.###......##.###
##


You could see an orc warrior.

Vanquished Creatures
  A moth of wrath (D:7)
  A hydra zombie (D:5)
  The ghost of Sapher the Digger, a novice DEEE (D:7)
  Grinder (D:5)
  Sigmund (D:6)
  Menkaure (D:6)
  3 two-headed ogre zombies
  A black bear (D:5)
  A two-headed ogre skeleton (D:5)
  5 ogres
  A sky beast (D:5)
  2 ice beasts
  A manticore skeleton (D:6)
  3 phantoms
  2 kobold brigands (D:7)
  3 bullfrogs (D:7)
  2 cyclops zombies (D:5)
  2 scorpions
  A cyclops skeleton (D:5)
  A water moccasin skeleton (D:4)
  A troll skeleton (D:5)
  A howler monkey (D:6)
  2 hounds
  A black bear zombie (D:5)
  A bullfrog zombie (D:6)
  3 centaur zombies
  2 jellies (D:4)
  An orc priest (D:7)
  A bullfrog skeleton (D:4)
  2 iguanas (D:6)
  Jessica (D:3)
  4 orc wizards
  Natasha (thrice) (D:2)
  4 scorpion zombies (D:4)
  3 hound zombies
  3 hound skeletons (D:4)
  6 adders
  5 gnolls
  A howler monkey skeleton (D:6)
  5 orc zombies
  A shadow imp (D:6)
  A white imp (D:6)
  An ufetubus (D:7)
  A human zombie (D:6)
  2 adder skeletons
  8 adder zombies
  An iguana skeleton (D:6)
  2 orc skeletons (D:5)
  3 dart slugs
  19 orcs
  11 ball pythons
  3 bats
  7 endoplasms
  2 giant cockroaches (D:3)
  7 goblins
  3 hobgoblins
  16 jackals
  4 kobolds
  A ball python zombie (D:5)
  4 frilled lizards (D:1)
  A goblin skeleton (D:5)
  A quokka zombie (D:5)
  2 rats
  A butterfly (D:7)
186 creatures vanquished.

Vanquished Creatures (others)
  2 plants
  4 withered plants (D:4)
6 creatures vanquished.

Grand Total: 192 creatures vanquished

Notes
Turn   | Place    | Note
-------+----------+-------------------------------------------
     0 | D:1      | Boytjie the Minotaur Fighter began the quest for the Orb.
     0 | D:1      | Reached XP level 1. HP: 19/19 MP: 0/0
   119 | D:1      | Reached XP level 2. HP: 26/27 MP: 1/1
   331 | D:1      | Noticed an eye of devastation
   336 | D:1      | Found a faded altar of an unknown god.
   340 | D:1      | Reached XP level 3. HP: 33/33 MP: 2/2
   344 | D:1      | Noticed a shining eye
   344 | D:1      | Noticed a great orb of eyes
   344 | D:1      | Noticed an eye of devastation
   373 | D:1      | Became a worshipper of Kikubaaqudgha
   373 | D:1      | Reached * piety under Kikubaaqudgha
   373 | D:1      | Received a gift from Kikubaaqudgha
   376 | D:1      | Learned a level 1 spell: Pain
   453 | D:1      | Reached skill level 3 in Axes
   813 | D:2      | Reached ** piety under Kikubaaqudgha
   888 | D:2      | Noticed Natasha
   898 | D:2      | Killed Natasha
   899 | D:2      | Reached XP level 4. HP: 25/40 MP: 3/3
   912 | D:2      | Noticed Natasha
   918 | D:2      | Killed Natasha
  1103 | D:2      | Noticed Natasha
  1110 | D:2      | Killed Natasha
  1111 | D:2      | Reached skill level 4 in Axes
  1111 | D:2      | Reached XP level 5. HP: 40/46 MP: 4/4
  1278 | D:3      | Noticed Jessica
  1288 | D:3      | Killed Jessica
  1327 | D:3      | Reached skill level 5 in Armour
  1818 | D:4      | Reached skill level 5 in Axes
  1851 | D:4      | Noticed an air elemental
  1861 | D:4      | Reached XP level 6. HP: 40/52 MP: 5/5
  1865 | D:4      | Found a stormy altar of Qazlal.
  1870 | D:4      | Noticed a water elemental
  1894 | D:4      | Noticed a fire elemental
  1923 | D:4      | Reached skill level 6 in Axes
  1923 | D:4      | Reached skill level 5 in Shields
  2066 | D:4      | Reached skill level 1 in Dodging
  2121 | D:4      | Reached XP level 7. HP: 53/59 MP: 6/6
  2123 | D:4      | Reached skill level 7 in Axes
  2143 | D:4      | Reached *** piety under Kikubaaqudgha
  2143 | D:4      | Received a gift from Kikubaaqudgha
  2392 | D:4      | Found a bloodstained altar of Trog.
  2505 | D:4      | Reached skill level 5 in Fighting
  2761 | D:4      | Found a glowing golden altar of the Shining One.
  2767 | D:4      | Fell from the grace of Kikubaaqudgha
  2767 | D:4      | Became a worshipper of the Shining One
  2863 | D:5      | Entered Level 5 of the Dungeon
  2879 | D:5      | Reached skill level 8 in Axes
  3395 | D:5      | Noticed Grinder
  3407 | D:5      | Paralysed by Grinder for 4 turns
  3413 | D:5      | Killed Grinder
  3414 | D:5      | Reached XP level 8. HP: 33/68 MP: 7/7
  3428 | D:5      | Found a staircase to the Ecumenical Temple.
  3437 | Temple   | Entered the Ecumenical Temple
  3542 | D:5      | Found an opulent altar of Gozag.
  3628 | D:5      | Reached skill level 9 in Axes
  6085 | D:5      | Identified a scroll of acquirement
  6085 | D:5      | Acquired 901 gold pieces
  6140 | D:6      | Reached skill level 1 in Stealth
  6267 | D:6      | Noticed Menkaure
  6274 | D:6      | Killed Menkaure
  6324 | D:6      | Noticed Sigmund
  6336 | D:6      | Killed Sigmund
  6337 | D:6      | Reached XP level 9. HP: 20/75 MP: 8/8
  6342 | D:6      | Reached skill level 10 in Axes
  6763 | D:6      | Was forgiven by Kikubaaqudgha
  7674 | D:6      | Identified the +6 rapier "Lifebane" {flame, *Slow Fly rN+}
  8466 | D:7      | Found a transporter.
  8467 | D:7      | Found a transporter.
  8475 | D:7      | Noticed Sapher's ghost (novice DEEE)
  8478 | D:7      | Noticed a moth of wrath
  8508 | D:7      | Found a bloodstained altar of Trog.
  8565 | D:7      | Killed a moth of wrath
  8566 | D:7      | Reached skill level 11 in Axes
  8570 | D:7      | HP: 2/78 [orc warrior (4)]
  8571 | D:7      | Killed Sapher's ghost
  8571 | D:7      | Reached * piety under the Shining One
  8573 | D:7      | Slain by an orc warrior

Illustrated notes

Levels and vault maps discovered:
D:1:      minmay_arrival_radiant_lines, layout_basic,
          hellmonk_ecumenical_altar_watching_god, minivault_25
D:2:      layout_rooms, uniq_natasha
D:3:      layout_basic, minivault_14, uniq_jessica
D:4:      layout_cave_pools, mainiacjoe_overflow_chevrons,
          nicolae_qazlal_style_of_elements, kennysheep_mini_moat, serial_undead,
          serial_undead_d, serial_undead_f, serial_undead_a, serial_undead_b,
          serial_undead_b, serial_undead_d, serial_undead_d, serial_undead_b,
          serial_undead_c, serial_undead_d, chequers_jeans,
          minmay_quadrilaterals
D:5:      layout_layer_cave, nicolae_gozag_cash_rules_everything_around_me,
          minmay_temple_entry_waves, bh_walls_and_bars, uniq_grinder
D:6:      layout_loops_ring, moated_statue, uniq_sigmund, uniq_menkaure
D:7:      layout_loops_cross, gammafunk_ghost_wrathful_warriors,
          hangedman_glass_garden
Temple:   regret_index_temple_waves

Skill      XL: |  1  2  3  4  5  6  7  8  9 |
---------------+----------------------------+-----
Shields        | 4 5 6 7 |  7.4
Armour         | 4 5 6 7 9 |  9.0
Axes           | 3 4 5 6 8 9 11 | 11.3
Fighting       | 4 5 6 |  6.8
Dodging        | 1 2 |  2.2
Stealth        | 1 |  1.2

Action                   |  1- 3 |  4- 6 |  7- 9 || total
-------------------------+-------+-------+-------++-------
Melee: War axe           |    84 |    92 |   287 ||   463
       Headbutt          |    11 |    17 |    86 ||   114
Evoke: Wand              |       |       |     1 ||     1
  Use: Scroll            |       |       |    11 ||    11
       Potion            |       |       |     7 ||     7
Armor: Scale mail        |    34 |       |       ||    34
       Chain mail        |    13 |    64 |   119 ||   196
Dodge: Dodged            |    28 |    33 |    86 ||   147
Block: Kite shield       |    66 |    65 |   155 ||   286
